 Dungeon Crawl Stone Soup version 0.24-a0-640-ge7cd8ce796 (webtiles) character file.

Game seed: 8961383898970366146, levelgen mode: deterministic

48732 Grimm the Warrior (level 14, -5/163 HPs)
             Began as an Ogre Transmuter on Sept 24, 2019.
             Was a High Priest of Dithmenos.
             Slain by a meliai
             ... wielding a +0 hand axe
              (16 damage)
             ... on level 12 of the Dungeon.
             The game lasted 01:18:35 (27602 turns).

Grimm the Warrior (Ogre Transmuter)                Turns: 27602, Time: 01:18:36

Health: -5/163     AC:  2    Str: 17    XL:     14   Next: 47%
Magic:  23/23      EV: 37    Int: 14    God:    Dithmenos [*****.]
Gold:   991        SH:  0    Dex: 18    Spells: 15/25 levels left

rFire    . . .     SeeInvis .     - Unarmed
rCold    . . .     Gourm    +   (shield currently unavailable)
rNeg     . . .     Faith    .   (armour currently unavailable)
rPois    x         Spirit   .   (helmet currently unavailable)
rElec    .         Reflect  .   (cloak currently unavailable)
rCorr    .         Harm     .   (gloves unavailable)
MR       +....                  (boots unavailable)
Stlth    ++........             B - amulet of the gourmand
HPRegen  0.37/turn              t - ring of wizardry
MPRegen  0.18/turn              y - +5 ring of evasion

@: spider-form (expiring), very slightly contaminated, hasted, wreathed by
umbra, invisible, very quick
A: tiny, unfitting armour
a: End Transformation, Shadow Step, Shadow Form, Renounce Religion


You were on level 12 of the Dungeon.
You worshipped Dithmenos.
Dithmenos was extremely pleased with you.
You were completely stuffed.
You were a venomous arachnid creature.
You visited 2 branches of the dungeon, and saw 18 of its levels.

You collected 991 gold pieces.

Inventory:

Missiles
 a - 346 arrows
 h - 359 stones
 F - 6 large rocks (quivered)
Armour
 u - a scarf of repulsion (melded)
 R - +0 steam dragon scales (melded)
Jewellery
 b - an uncursed ring of protection from cold
 t - a ring of wizardry (left front leg)
 v - an uncursed ring of positive energy
 w - an uncursed amulet of magic regeneration
 x - an uncursed ring of wizardry
 y - a +5 ring of evasion (right front leg)
 B - an amulet of the gourmand (around neck)
 G - a +3 amulet of reflection
 L - an uncursed ring of magical power
Wands
 J - a wand of random effects (18)
 N - a wand of iceblast (8)
 O - a wand of clouds (7)
 Q - a wand of flame (25)
Scrolls
 e - 4 scrolls of teleportation
 f - 5 scrolls of fog
 k - a scroll of remove curse
 l - 9 scrolls of identify
 m - 5 scrolls of magic mapping
 r - a scroll of enchant armour
 s - 4 scrolls of fear
 A - 7 scrolls of enchant weapon
 H - 2 scrolls of amnesia
Potions
 c - a potion of invisibility
 g - 3 potions of might {unknown}
 i - a potion of berserk rage
 j - 4 potions of lignification
 n - 2 potions of resistance
 o - 2 potions of brilliance {unknown}
 p - 2 potions of flight {unknown}
 q - 8 potions of curing
 z - a potion of agility
 D - 3 potions of magic {unknown}
 E - a potion of experience {unknown}
 I - 2 potions of ambrosia {unknown}
 K - 3 potions of mutation {unknown}
 M - a potion of haste
Comestibles
 d - 15 rations
 C - 5 chunks of flesh


   Skills:
 + Level 16.6 Fighting
 + Level 12.3 Dodging
 + Level 12.5 Unarmed Combat
 - Level 6.0 Spellcasting
 - Level 5.1 Transmutations
 - Level 4.3 Ice Magic
 - Level 1.0 Poison Magic


You had 15 spell levels left.
You knew the following spells:

 Your Spells              Type           Power        Failure   Level  Hunger
a - Beastly Appendage     Tmut           ###...       3%          1    None
b - Sticks to Snakes      Tmut           ###.....     4%          2    #......
c - Spider Form           Tmut/Pois      ##........   12%         3    ###....
d - Ice Form              Ice/Tmut       ###.....     19%         4    ####...

Your spell library contained the following spells:

 Spells                   Type           Power        Failure   Level  Hunger
 Ensorcelled Hibernation  Hex/Ice        ##....       10%         2    #......
 Confusing Touch          Hex            #.....       14%         1    None
 Corona                   Hex            #......      14%         1    None
 Shock                    Conj/Air       #...         14%         1    None
 Poisonous Vapours        Pois/Air       #.....       16%         2    #......
 Ignite Poison            Fire/Tmut/Pois ##......     17%         3    ###....
 Swiftness                Chrm/Air       #.......     21%         2    #......
 Confuse                  Hex            #.......     32%         3    ###....
 Dazzling Spray           Conj/Hex       #.....       32%         3    ###....
 Gell's Gravitas          Tloc           #.........   32%         3    ###....
 Tukima's Dance           Hex            #.......     32%         3    ###....
 Blade Hands              Tmut           ###.......   36%         5    ######.
 Petrify                  Tmut/Erth      ##......     38%         4    ####...
 Yara's Violent Unravell  Hex/Tmut       ##........   65%         5    ######.
 Metabolic Englaciation   Hex/Ice        ##........   71%         5    ######.
 Venom Bolt               Conj/Pois      #.........   88%         5    ######.
 Bolt of Magma            Conj/Fire/Erth #.........   92%         5    ######.
 Iskenderun's Battlesphe  Conj/Chrm      #.......     92%         5    ######.
 Lightning Bolt           Conj/Air       #.........   92%         5    ######.
 Iron Shot                Conj/Erth      #.........   100%        6    #######
 Orb of Destruction       Conj           #.........   100%        7    #######
 Spellforged Servitor     Conj/Summ      #.........   100%        7    #######


Dungeon Overview and Level Annotations

Branches:
Dungeon (12/15)            Temple (0/1) D:6            Lair (6/6) D:9
  Swamp (0/4) Lair:2        Snake (0/4) Lair:4        Slime (0/5) Lair:6
    Orc (0/2) D:11

Altars:
Dithmenos
Fedhas
Kikubaaqudgha
Nemelex Xobeh
Okawaru
Sif Muna
Trog
Xom

Shops:
D:6 :   D:7 =   D:8 !   D:9 :

Annotations:
D:3 exclusion: downstairs
D:9 2 transporters, dududu's ghost, novice DDFi
Lair:2 exclusions: 2 electric eels and 1 more exclusion
Lair:6 exclusion: oklob plant


Innate Abilities, Weirdness & Mutations

You are too large for most types of armour.
((You have tough skin. (AC +1)))


Message History

The splash of acid hits something!
Reactivating autopickup.
The vampire mosquito completely misses you.
A killer bee comes into view.
Something completely misses you. The killer bee completely misses you.
The meliai mumbles some strange prayers to its god against you.
Something smites you!
* * * LOW HITPOINT WARNING * * *
The deep elf mage casts a spell.
Something hits you!
* * * LOW HITPOINT WARNING * * *
Deactivating autopickup; reactivate with Ctrl-A.
You feel better.
The sentinel's mark upon you fades away.
The vampire mosquito completely misses you.
Something misses you. The meliai completely misses you. The meliai stings you!
* * * LOW HITPOINT WARNING * * *
The vampire mosquito closely misses you.
Something completely misses you. The meliai hits you with a +0 hand axe!
You die...

.... #.....#...# ...
#.....###.# ....
#.......#.#
......##.......#.######+#
#......#....<...#.........
#......########.'.........
#.............#.#.........
#.............###........#
#........ys............###
#.......y.y.........####
#......HDy.........##
#.....yy.DO.......##
#.......y.E.....###
#......e......###
#.....yo.D..###
#......o.E###
##.......#####


You could see a four-headed hydra (wandering), 2 earth elementals, a hippogriff,
a deep elf mage, a steam dragon, an acid dragon, a vampire mosquito, an ogre, a
meliai, 6 killer bees, an orc wizard and an orc.

Vanquished Creatures
  Gastronok (Lair:3)
  A fire dragon (Lair:6)
  10 hydras
  2 two-headed ogres
  A centaur warrior (D:11)
  4 death yaks (Lair:4)
  Urug (Lair:6)
  A fire crab (Lair:6)
  A lindwurm (Lair:6)
  5 black mambas
  Joseph (D:9)
  2 molten gargoyles (Lair:6)
  11 spiny frogs
  A torpor snail (Lair:6)
  9 komodo dragons
  3 polar bears
  2 trolls
  15 blink frogs
  10 hippogriffs
  7 dream sheep (Lair:5)
  2 spriggans
  Sigmund (D:2)
  A wraith (D:10)
  Grum (D:8)
  2 hungry ghosts
  5 basilisks
  4 wyverns (Lair:6)
  22 yaks
  5 vampire mosquitoes (Lair:2)
  A steam dragon (Lair:6)
  3 nagas (Lair:4)
  8 water moccasins
  8 porcupines
  4 hell hounds (Lair:6)
  2 black bears
  7 orc warriors
  3 sky beasts
  2 ice beasts
  3 phantoms
  6 ogres
  11 centaurs
  20 wolves
  13 crocodiles
  Blork the orc (D:6)
  A big kobold (D:7)
  15 bullfrogs
  A wyvern skeleton (D:10)
  2 scorpions
  6 wights (D:9)
  2 howler monkeys
  3 vampire bats (Lair:1)
  4 electric eels (Lair:2)
  4 lava snakes (Lair:6)
  4 crimson imps
  2 centaur zombies
  3 bullfrog zombies
  2 jellies (Lair:6)
  8 orc priests
  A bullfrog skeleton (D:10)
  4 hounds
  3 centaur skeletons
  Terence (D:2)
  8 orc wizards
  3 iguanas
  4 worker ants
  A hound zombie (D:8)
  A hound skeleton (D:7)
  2 worker ant zombies
  4 gnolls (D:4)
  10 adders
  4 shadow imps
  6 oozes
  An adder zombie (D:5)
  An adder skeleton (D:4)
  2 worms (D:3)
  A dart slug (D:5)
  4 leopard geckos
  32 orcs
  2 ball pythons
  2 giant cockroaches (D:5)
  5 goblins
  9 hobgoblins
  2 jackals (D:5)
  14 kobolds
  4 quokkas
  10 bats
  4 frilled lizards
  A quokka zombie (D:9)
  3 rats
429 creatures vanquished.

Vanquished Creatures (collateral kills)
  A two-headed ogre (D:11)
  A cyclops (D:10)
  An ogre (D:11)
  A worm (D:3)
  A bat (D:2)
  2 goblins (D:2)
  A fungus (Lair:3)
8 creatures vanquished.

Vanquished Creatures (others)
  A shadow (D:12)
  A lava snake (Lair:6)
  2 adders (D:12)
  5 fungi
9 creatures vanquished.

Grand Total: 446 creatures vanquished

Notes
Turn   | Place    | Note
-------+----------+-------------------------------------------
     0 | D:1      | Grimm the Ogre Transmuter began the quest for the Orb.
     0 | D:1      | Reached XP level 1. HP: 19/19 MP: 3/3
   142 | D:1      | Reached skill level 2 in Fighting
   164 | D:1      | Reached XP level 2. HP: 26/28 MP: 5/5
   183 | D:1      | Learned a level 2 spell: Sticks to Snakes
  1229 | D:2      | Reached skill level 3 in Fighting
  1425 | D:2      | Noticed Terence
  1580 | D:3      | Reached XP level 3. HP: 35/37 MP: 5/7
  1599 | D:3      | Learned a level 3 spell: Spider Form
  1669 | D:3      | Reached XP level 4. HP: 16/45 MP: 1/8
  1909 | D:3      | Reached skill level 1 in Poison Magic
  2450 | D:3      | Reached XP level 5. HP: 53/53 MP: 5/9
  2711 | D:2      | Killed Terence
  2849 | D:2      | Found a faded altar of an unknown god.
  2887 | D:2      | Noticed Sigmund
  2905 | D:2      | Killed Sigmund
  2905 | D:2      | Reached skill level 4 in Fighting
  2905 | D:2      | Reached XP level 6. HP: 36/63 MP: 4/10
  3228 | D:4      | Reached skill level 5 in Fighting
  3688 | D:4      | Reached XP level 7. HP: 72/72 MP: 5/11
  3743 | D:4      | Learned a level 4 spell: Ice Form
  3942 | D:4      | Found a shadowy altar of Dithmenos.
  3961 | D:4      | Became a worshipper of Dithmenos the Shadowed
  4299 | D:4      | Reached skill level 6 in Fighting
  4358 | D:4      | Found a blossoming altar of Fedhas.
  4695 | D:5      | Entered Level 5 of the Dungeon
  4765 | D:5      | Reached skill level 5 in Unarmed Combat
  4808 | D:5      | Reached XP level 8. HP: 70/84 MP: 5/12
  5116 | D:5      | Found an ancient bone altar of Kikubaaqudgha.
  5550 | D:6      | Noticed Blork the orc
  5559 | D:6      | Killed Blork the orc
  5559 | D:6      | Reached skill level 7 in Fighting
  5914 | D:6      | Reached skill level 5 in Dodging
  6184 | D:6      | Found a sparkling altar of Nemelex Xobeh.
  6224 | D:6      | Found a staircase to the Ecumenical Temple.
  6275 | D:6      | Reached skill level 8 in Fighting
  6444 | D:6      | Found a shimmering blue altar of Sif Muna.
  6513 | D:6      | Reached XP level 9. HP: 97/97 MP: 9/13
  6621 | D:6      | Found Joestefre's Book Boutique.
  7235 | D:7      | Found Emeiroc's Jewellery Boutique.
  7250 | D:7      | Reached skill level 9 in Fighting
  7743 | D:7      | Reached * piety under Dithmenos
  8604 | D:8      | Reached skill level 1 in Ice Magic
  8633 | D:8      | Noticed a five-headed hydra
  8954 | D:9      | Found a staircase to the Lair.
  9143 | D:9      | Found a shimmering altar of Xom.
  9144 | D:9      | Found a shimmering altar of Xom.
  9144 | D:9      | Found a shimmering altar of Xom.
  9144 | D:9      | Found a shimmering altar of Xom.
  9151 | D:9      | Found a shimmering altar of Xom.
  9187 | D:9      | Reached XP level 10. HP: 102/107 MP: 12/16
  9378 | D:9      | Noticed a two-headed ogre
  9378 | D:9      | Noticed a two-headed ogre
  9379 | D:9      | Identified the +9 morningstar "Firayr" {antimagic, Str+2}
  9379 | D:9      | Noticed an orc knight
  9379 | D:9      | Noticed dududu's ghost (novice DDFi)
  9379 | D:9      | Noticed a two-headed ogre
  9381 | D:9      | Noticed a moth of wrath
  9381 | D:9      | Noticed a cyclops
  9384 | D:9      | Noticed a two-headed ogre
  9386 | D:9      | Found a transporter.
  9387 | D:9      | Found a bloodstained altar of Trog.
  9400 | D:9      | Reached skill level 5 in Spellcasting
  9655 | D:9      | Found Iqiqagubbi's Book Shop.
  9752 | D:9      | Found an iron altar of Okawaru.
  9799 | D:9      | Found a transporter.
  9919 | D:9      | Reached ** piety under Dithmenos
  9934 | D:9      | Found a shimmering blue altar of Sif Muna.
 10010 | D:8      | Noticed Joseph
 10025 | D:9      | Killed Joseph
 10027 | D:9      | HP: 1/128 [orc warrior/+0 war axe (11)]
 10217 | D:9      | Reached skill level 5 in Transmutations
 10647 | D:8      | Found Tafuqed's Distillery.
 10926 | D:8      | Identified a scroll of acquirement
 10950 | D:8      | Noticed Grum
 10962 | D:8      | Reached skill level 10 in Fighting
 10968 | D:8      | Killed Grum
 10984 | D:8      | Killed a five-headed hydra
 10984 | D:8      | Reached XP level 11. HP: 17/119 MP: 20/20
 11425 | D:10     | Entered Level 10 of the Dungeon
 11949 | D:10     | Noticed a cyclops
 12109 | D:11     | Noticed a two-headed ogre
 12126 | D:11     | Killed a two-headed ogre
 12126 | D:11     | Reached skill level 11 in Fighting
 12608 | D:11     | Noticed a centaur warrior
 12608 | D:11     | Noticed a two-headed ogre
 12854 | D:11     | Killed a centaur warrior
 12867 | D:11     | Reached *** piety under Dithmenos
 13589 | D:11     | Found a staircase to the Orcish Mines.
 13693 | D:11     | Killed a two-headed ogre
 14505 | D:10     | Killed a cyclops
 15125 | Lair:1   | Entered Level 1 of the Lair of Beasts
 15195 | Lair:1   | Reached skill level 12 in Fighting
 15261 | Lair:1   | Noticed an eight-headed hydra
 15523 | Lair:1   | Killed an eight-headed hydra
 15949 | Lair:1   | Reached XP level 12. HP: 133/133 MP: 19/21
 17094 | Lair:2   | Reached **** piety under Dithmenos
 17210 | Lair:2   | Reached skill level 13 in Fighting
 17788 | Lair:2   | Reached skill level 10 in Unarmed Combat
 18663 | Lair:2   | Found a staircase to the Swamp.
 19282 | Lair:3   | Noticed a seven-headed hydra
 19289 | Lair:3   | Killed a seven-headed hydra
 19289 | Lair:3   | Reached skill level 10 in Dodging
 19514 | Lair:3   | Noticed Gastronok
 19638 | Lair:3   | Killed Gastronok
 19638 | Lair:3   | Reached skill level 14 in Fighting
 20284 | Lair:4   | Noticed an eight-headed hydra
 20333 | Lair:4   | Killed an eight-headed hydra
 20333 | Lair:4   | Reached XP level 13. HP: 138/146 MP: 13/22
 20452 | Lair:4   | Found a staircase to the Snake Pit.
 22464 | Lair:5   | Reached skill level 15 in Fighting
 23436 | Lair:6   | Entered Level 6 of the Lair of Beasts
 24942 | Lair:6   | Reached ***** piety under Dithmenos
 24942 | Lair:6   | Reached XP level 14. HP: 161/161 MP: 18/23
 25393 | Lair:6   | Reached skill level 16 in Fighting
 25638 | Lair:6   | Found a large runed translucent door.
 25638 | Lair:6   | Found a large runed translucent door.
 26356 | Lair:6   | Identified the Papyrus of Mutagenic Weightlessness
 26414 | Lair:6   | Noticed Urug
 26425 | Lair:6   | Killed Urug
 26706 | Lair:6   | Found a staircase to the Slime Pits.
 27602 | D:12     | Slain by a meliai

Levels and vault maps discovered:
D:1:      saegor_arrival_simple_a, layout_rooms, minmay_pentomino_t2
D:2:      layout_loops_cross, chequers_ecumenical_altar_simple,
          chequers_serial_rivers_room_a, serial_bayou_pond_e, uniq_terence,
          uniq_sigmund
D:3:      layout_rooms
D:4:      layout_loops_corners, old_standard_altar, grunt_dithmenos_shadows,
          first_ration
D:5:      layout_loops_ring, kennysheep_little_box
D:6:      layout_gridville, nemelex_xobeh_ov_fountains_minmay,
          minmay_temple_entry_mini_moons, serial_shops, nicolae_shop_stone,
          basic_altar, uniq_blork_the_orc
D:7:      layout_basic, serial_shops, nicolae_shop_competitors_out_of_business,
          the_bakery
D:8:      layout_rooms, enter_ossuary_2, serial_shops, nicolae_shop_waterfront,
          uniq_joseph, uniq_grum
D:9:      layout_rooms, xom_redecorated, lemuel_blue_sif_altar,
          lair_entry_dummy, gammafunk_ghost_wrathful_warriors, serial_shops,
          shop_statue, kennysheep_okawaru_gauntlet
D:10:     kennysheep_six_static_rooms, layout_rooms, roderic_serpentine_path
D:11:     layout_layer_cave, david_orc_4
D:12:     minmay_the_grid_triangle_9x9_recursive_2
          [minmay_the_grid_triangle_9x9_prize_special,
          minmay_the_grid_triangle_9x9_limited_checkers,
          minmay_the_grid_triangle_9x9_checkered,
          minmay_the_grid_triangle_9x9_sprig], layout_irregular_city, hex_medium
Lair:1:   layout_loops_ring, st_stairs_12, roderic_batcave, grunt_megastairs_3
Lair:2:   layout_gridlike, minmay_swamp_entry_swarm,
          lightli_volcano_entry_magma_tube, serial_bayou, serial_bayou_pond_c,
          serial_bayou_lagoon_b, serial_bayou_crossing, serial_bayou_pond_e,
          forest_entry_grove, infiniplex_staircase_pool_2
Lair:3:   layout_gridlike, uniq_gastronok
Lair:4:   layout_loops_ring, guppyfry_snake_entry_island
Lair:5:   layout_hall_layers
Lair:6:   cheibrodos_lair_end_hotspot, layout_gridlike,
          nicolae_slime_entry_slimehenge, columned_hall_lemuel,
          kennysheep_basilisk_garden, minmay_lair_oklob_chamber, uniq_urug

Skill      XL: |  1  2  3  4  5  6  7  8  9 10 11 12 13 14 |
---------------+-------------------------------------------+-----
Fighting       | 2 3 4 5 6 8 9 10 12 14 15 16 | 16.6
Unarmed Combat | 3 4 5 6 7 9 10 12 | 12.5
Transmutations | 2 3 5 |  5.1
Spellcasting   | 3 4 6 |  6.0
Poison Magic   | 1 |  1.0
Dodging        | 2 3 4 5 6 7 9 10 11 12 | 12.3
Ice Magic      | 2 4 |  4.3

Action                   |  1- 3 |  4- 6 |  7- 9 | 10-12 | 13-15 || total
-------------------------+-------+-------+-------+-------+-------++-------
Melee: Unarmed           |   119 |   117 |   355 |   527 |   474 ||  1592
       Headbutt          |    12 |     2 |     1 |       |       ||    15
       Kick              |     3 |     2 |     3 |       |       ||     8
       Punch             |     1 |     1 |     1 |       |     2 ||     5
Throw: Stone             |     4 |       |     1 |    13 |       ||    18
       Large rock        |       |       |       |    16 |    16 ||    32
 Cast: Beastly Appendage |    18 |     3 |     5 |       |       ||    26
       Sticks to Snakes  |     3 |     1 |     3 |    23 |     7 ||    37
       Spider Form       |       |    17 |    55 |     8 |    19 ||    99
       Ice Form          |       |       |       |    60 |    37 ||    97
 Abil: End Transformatio |       |       |       |       |     2 ||     2
  Use: Potion            |     1 |       |     2 |     9 |     4 ||    16
       Scroll            |       |     1 |    13 |    16 |     2 ||    32
 Stab: Sleeping          |     1 |       |     1 |     2 |       ||     4
       Distracted        |       |       |     1 |       |       ||     1
  Eat: Chunk             |     3 |     6 |    18 |    53 |    32 ||   112
       Ration            |       |     1 |     2 |     4 |       ||     7
Armor: Robe              |    48 |     2 |     7 |     5 |     2 ||    64
       Skin              |       |     4 |    22 |    86 |    49 ||   161
Dodge: Dodged            |    95 |    77 |   320 |   477 |   594 ||  1563
       Deflected         |       |       |     9 |     2 |     1 ||    12

Table legend:
 A = Non-vault XP
 B = Vault XP
 C = Vault XP percentage of total XP
 D = Non-vault monster count
 E = Vault monster count
 F = Vault count percentage of total count
                 A         B        C        D         E       F
            +---------+---------+-------+---------+---------+-------
      Total |   51069 |   18549 |  26.6 |     337 |     100 |  22.9
            +---------+---------+-------+---------+---------+-------
        D:1 |      13 |       3 |  18.8 |       9 |       2 |  18.2
        D:2 |      30 |     256 |  89.5 |      13 |       2 |  13.3
        D:3 |     148 |       0 |   0.0 |      27 |       0 |   0.0
        D:4 |     559 |     118 |  17.4 |      14 |       1 |   6.7
        D:5 |     265 |       0 |   0.0 |      13 |       0 |   0.0
        D:6 |    1022 |      99 |   8.8 |      13 |       1 |   7.1
        D:7 |    1005 |     224 |  18.2 |      22 |       1 |   4.3
        D:8 |    2077 |     540 |  20.6 |      25 |       4 |  13.8
        D:9 |    2698 |     443 |  14.1 |      30 |       3 |   9.1
       D:10 |    1013 |     978 |  49.1 |      18 |       6 |  25.0
       D:11 |    3529 |     667 |  15.9 |      13 |      17 |  56.7
       D:12 |    2177 |       0 |   0.0 |      10 |       0 |   0.0
     Lair:1 |    1606 |    1735 |  51.9 |       7 |      11 |  61.1
     Lair:2 |    4967 |    2007 |  28.8 |      32 |      12 |  27.3
     Lair:3 |    2767 |    2297 |  45.4 |      15 |       1 |   6.2
     Lair:4 |    7319 |     480 |   6.2 |      16 |       3 |  15.8
     Lair:5 |   10150 |     517 |   4.8 |      36 |       3 |   7.7
     Lair:6 |    9724 |    8185 |  45.7 |      24 |      33 |  57.9
            +---------+---------+-------+---------+---------+-------
